 Dungeon Crawl Stone Soup version 0.18.1-8-gdd0e5ea (webtiles) character file.

99 Marenglen the Vexing (level 4, 17/40 HPs)
             Began as a Troll Arcane Marksman on May 23, 2016.
             Quit the game on level 2 of the Dungeon.
             The game lasted 00:04:00 (1120 turns).

Marenglen the Vexing (Troll Arcane Marksman)        Turns: 1120, Time: 00:04:00

Health: 17/40      AC:  3    Str: 19    XL:     4   Next: 45%
Magic:  4/4        EV:  9    Int:  9    God:
Gold:   57         SH:  0    Dex: 10    Spells: 2 memorised, 2 levels left

rFire  . . .     SeeInvis .       - Unarmed
rCold  . . .     Gourm    +     (armour restricted)
rNeg   . . .     Faith    .     (no shield)
rPois  .         Spirit   .     (helmet restricted)
rElec  .         Dismiss  .     (no cloak)
rCorr  .         Reflect  .     (gloves unavailable)
SustAt .         Harm     .     (boots unavailable)
MR     .....                    (no amulet)
Stlth  +.........               (no ring)
                                (no ring)

@: not resistant to hostile enchantments, very unstealthy
A: unfitting armour, claws 3, fast metabolism 3, gourmand, regeneration 2,
shaggy fur 1, tough skin 2
a: no special abilities


You were on level 2 of the Dungeon.
You were not hungry.

You visited 1 branch of the dungeon, and saw 2 of its levels.

You collected 57 gold pieces.

Inventory:

Missiles
 c - 3 large rocks (quivered)
 d - 3 throwing nets
Scrolls
 g - a scroll of blinking
Potions
 h - a potion of haste {unknown}
Books
 b - a book of Debilitation

   Spells                             Type                      Level
   a - Corona                         Hexes                        1
   b - Slow                           Hexes                        2
   c - Gell's Gravitas                Hexes/Translocation          3
   d - Inner Flame                    Hexes/Fire                   3
   e - Cause Fear                     Hexes                        4
   f - Leda's Liquefaction            Hexes/Earth                  4
Comestibles
 f - 4 bread rations


   Skills:
 - Level 0.7 Fighting
 + Level 2.8 Throwing
 - Level 1.5 Dodging
 + Level 1.8 Unarmed Combat
 - Level 1.0 Spellcasting
 - Level 2.8 Hexes


You had 2 spell levels left.
You knew the following spells:

 Your Spells              Type           Power        Failure   Level  Hunger
a - Corona                Hex            #......      12%         1    ##.....
b - Slow                  Hex            #.......     17%         2    ###....


Dungeon Overview and Level Annotations

Branches:
Dungeon (2/15)

Altars:


Innate Abilities, Weirdness & Mutations

You are too large for most types of armour.
You have claws for hands.
Your metabolism is lightning-fast.
You like to eat raw meat.
You heal very quickly.
You are covered in fur (AC +1).
You have very tough skin (AC +2).


Message History

The goblin barely misses you.
You scratch the goblin.
The goblin is severely wounded.
You barely miss the goblin.
The goblin is severely wounded.
The goblin hits you with a dagger.
You barely miss the goblin.
The goblin is severely wounded.
The goblin hits you but does no damage.
You barely miss the goblin.
The goblin is severely wounded.
The goblin hits you but does no damage.
You closely miss the goblin.
The goblin is severely wounded.
The goblin no longer looks unusually strong.
The goblin hits you with a dagger.
You completely miss the goblin.
The goblin is severely wounded.
The goblin hits you with a dagger.
Are you sure you want to abandon this character and quit the game? (Confirm with "yes".)

#######.# #.......# g.......#
#.#####.# .g......# #.# #.#
gg.g..$g# #.# #.# #g#
#.#####.# #g# #.#...#.# #g#
#.#.#.#.# #g# #.#.#.#.#
########@#####.#.#.#.#
#...[.[[.....#.#.#.#.#
#######............#.#<#.#.#
...................#.###.#.#
...................#.....#.#
...................#######.##
.....[.............'...))...#
...................##########
...####............#


You could see 5 goblins.

Vanquished Creatures
  Ijyb (D:2)
  Robin (D:2)
  A gnoll (D:2)
  An adder (D:2)
  2 adder zombies (D:1)
  A worm (D:1)
  A dart slug (D:1)
  A giant gecko (D:1)
  An orc (D:2)
  5 giant cockroaches (D:1)
  4 goblins (D:2)
  3 hobgoblins
  3 bats (D:1)
  3 giant newts (D:1)
  2 kobolds (D:1)
  4 rats
34 creatures vanquished.

Notes
Turn   | Place    | Note
--------------------------------------------------------------
     0 | D:1      | Marenglen the Troll Arcane Marksman began the quest for the Orb.
     0 | D:1      | Reached XP level 1. HP: 18/18 MP: 1/1
    42 | D:1      | Reached XP level 2. HP: 25/26 MP: 2/2
   546 | D:1      | Reached XP level 3. HP: 25/32 MP: 3/3
   551 | D:1      | Learned a level 2 spell: Slow
   918 | D:2      | Noticed Ijyb
   935 | D:2      | Killed Ijyb
   935 | D:2      | Reached skill level 1 in Unarmed Combat
   935 | D:2      | Reached XP level 4. HP: 32/40 MP: 4/4
  1046 | D:2      | Noticed Robin
  1105 | D:2      | Killed Robin
  1120 | D:2      | Quit the game

Skill      XL: |  1  2  3 |
---------------+----------+-----
Throwing       | 2 |  2.8
Unarmed Combat | 1 |  1.8
Fighting       | |  0.7
Dodging        | |  1.5
Spellcasting   | |  1.0
Hexes          | |  2.8

Action                   |  1- 3 |  4- 6 || total
-------------------------+-------+-------++-------
Melee: Unarmed           |    96 |    49 ||   145
Throw: Large rock        |     4 |       ||     4
  Use: Scroll            |     4 |     2 ||     6
  Eat: Chunk             |    11 |       ||    11
Armor: Robe              |    45 |     1 ||    46
       Skin              |       |     9 ||     9
Dodge: Dodged            |    51 |    18 ||    69
